[Event "*** Titled Tuesday Blitz"]
[Site "Chess.com"]
[Date "2020.03.03"]
[Round "9"]
[White "WeAintSurePal"]
[Black "SloLev"]
[Result "0-1"]
[WhiteElo "2337"]
[BlackElo "2528"]
[TimeControl "180+1"]
[EndTime "14:45:17 PST"]
[Termination "SloLev won by checkmate"]

1. e4 e5 2. Nf3 Nc6 3. Bb5 Nge7 4. O-O g6 5. d4 exd4 6. Bg5 Bg7 7. c3 dxc3 8. Nxc3 h6 9. Bh4 g5 10. Nxg5 hxg5 11.
Bxg5 f6 12. Bf4 d6 13. Nd5 a6 14. Ba4 b5 15. Bb3 Ne5 16. Rc1 c5 17. Bg3 c4 18.
Bc2 Bb7 19. f4 Nxd5 20. exd5 Nd3 21. Bxd3 cxd3 22. Qg4 Qd7 23. Rfe1+ Kd8 24. Re6 Bxd5 25. Rxd6 Qxd6 26. Qxg7 Re8 27. f5 Qb6+ 28. Kh1 Ra7 29. Qh6 Rae7 30. Bh4 Qe3 31. Qxe3 Rxe3 32. Bxf6+ Kd7 33.
Bc3 Re2 34. Rg1 d2 35. f6 Rxg2 36. Rxg2 Re1# 0-1

[Event "*** Titled Tuesday Blitz"]
[Site "Chess.com"]
[Date "2020.03.03"]
[Round "9"]
[White "Irishchessman16"]
[Black "StoreySniper"]
[Result "1-0"]
[WhiteElo "2217"]
[BlackElo "2413"]
[TimeControl "180+1"]
[EndTime "14:45:29 PST"]
[Termination "Irishchessman16 won by resignation"]

1. d4 Nf6 2. c4 e6 3. Nc3 b6 4. e4 Bb4 5. f3 c5 6. d5 exd5 7.
cxd5 O-O 8. Nh3 d6 9. Nf2 Ba6 10. Bxa6 Nxa6 11. O-O Nc7 12. Bg5 h6 13. Bh4 Bxc3 14.
bxc3 Nce8 15. Ng4 g5 16. Nxh6+ Kh7 17. Bxg5 Qd7 18. Nf5 Rg8 19. Qd2 Nh5 20. g4 Nhg7 21.
Ng3 f6 22. Bf4 Kg6 23. Rae1 Rh8 24. Kg2 Rh7 25. Rh1 Rh4 26. Nf5 Nxf5 27. exf5+ Kf7 28. Re6 Ng7 29. Rxd6 Qb7 30. Re1 Re8 31. Rxe8 Nxe8 32. Re6 Nc7 33. Qe1 Nxd5 34. Bg3 Rh7 35. c4 Nb4 36.
Bd6 Rg7 37. Re7+ 1-0

[Event "*** Titled Tuesday Blitz"]
[Site "Chess.com"]
[Date "2020.03.03"]
[Round "9"]
[White "ChelsieMonica"]
[Black "vova-79"]
[Result "1/2-1/2"]
[WhiteElo "2206"]
[BlackElo "2547"]
[TimeControl "180+1"]
[EndTime "14:45:31 PST"]
[Termination "Game drawn by agreement"]

1. c4 c6 2. Nc3 d5 3. e3 Nf6 4. Nf3 e6 5. d4 Nbd7 6. Be2 Be7 7. O-O O-O 8. b3 b6 9. Bb2 Bb7 10. Rc1 c5 11. dxc5 Nxc5 12. h3 dxc4 13. Bxc4 Qxd1 14.
Rfxd1 Rfd8 15. Nd4 a6 16. a4 Rac8 17. f4 Nfe4 18.
Nxe4 Nxe4 19. Nxe6 Rxd1+ 20. Rxd1 fxe6 21. Bxe6+ Kf8 22. Bxc8 Bxc8 23. Bd4 b5 24. axb5 axb5 25. Ra1 Be6 26. Ra8+ Kf7 27. Rb8 b4 28. Rb7 Bxb3 29. Bxg7 Bd5 30.
Ra7 Kxg7 31. Rxe7+ Kf6 32. Rd7 Ke6 33. Rxh7 b3 34.
Rh6+ Nf6 35. f5+ Ke5 36. Rh4 Be4 37. Rh8 b2 38. Rb8 b1=Q+ 39. Rxb1 Bxb1 40. g4 Bxf5 41. gxf5 Kxf5 42. Kf2 Ke4 1/2-1/2

[Event "*** Titled Tuesday Blitz"]
[Site "Chess.com"]
[Date "2020.03.03"]
[Round "9"]
[White "MikeSailer"]
[Black "TheBigBadChessDad"]
[Result "0-1"]
[WhiteElo "2108"]
[BlackElo "2297"]
[TimeControl "180+1"]
[EndTime "14:45:32 PST"]
[Termination "TheBigBadChessDad won by resignation"]

1. Nf3 d5 2. b4 e6 3. Bb2 Nf6 4. a3 c5 5. bxc5 Bxc5 6. e3 Nbd7 7. Be2 O-O 8. O-O b6 9. d4 Be7 10. Nbd2 Bb7 11. c4 Rc8 12. cxd5 Nxd5 13. Nc4 b5 14.
Nce5 Nxe5 15. Nxe5 Nc3 16. Bxc3 Rxc3 17. Bxb5 Qd5 18.
e4 Qxb5 19. Rb1 Qa6 20. Qd2 Rxa3 21. Qf4 Bd6 22. Qh4 Bxe5 23. dxe5 Ra4 24. Rfd1 Bxe4 25. Rd8 Bc6 26. Rxf8+ Kxf8 27. Qd8+ Be8 28. h3 Ra1 29. Rxa1 Qxa1+ 30. Kh2 Qxe5+ 31. g3 0-1

[Event "*** Titled Tuesday Blitz"]
[Site "Chess.com"]
[Date "2020.03.03"]
[Round "9"]
[White "SARGISMV"]
[Black "Snegokhod"]
[Result "1-0"]
[WhiteElo "2482"]
[BlackElo "2581"]
[TimeControl "180+1"]
[EndTime "14:45:34 PST"]
[Termination "SARGISMV won by resignation"]

1. Nf3 Nf6 2. b3 g6 3. Bb2 Bg7 4. g3 O-O 5. Bg2 c5 6. O-O d5 7. c4 d4 8. e3 Nc6 9. exd4 cxd4 10. Na3 e5 11. d3 Bf5 12. Re1 Re8 13. Nc2 h6 14. b4 Nd7 15. b5 Na5 16. Nb4 Nc5 17. Nh4 Be6 18. Ba3 Rc8 19. Nd5 Kh7 20. f4 Bxd5 21. Bxd5 exf4 22. Bxf7 Re3 23. Bxg6+ Kh8 24. Qh5 Qg5 25. Ng2 fxg3 26. Qxg5 hxg5 27. Nxe3 dxe3 28.
Rad1 gxh2+ 29. Kxh2 Be5+ 30. Kg2 Bf4 31. Bb2+ Kg8 32. Rh1 Kf8 33. Bf6 1-0

[Event "*** Titled Tuesday Blitz"]
[Site "Chess.com"]
[Date "2020.03.03"]
[Round "9"]
[White "AntonSmirnov"]
[Black "francyIM"]
[Result "1-0"]
[WhiteElo "2927"]
[BlackElo "2712"]
[TimeControl "180+1"]
[EndTime "14:45:40 PST"]
[Termination "AntonSmirnov won by resignation"]

1. e4 e5 2. Nf3 Nc6 3. Bb5 a6 4. Bxc6 dxc6 5. O-O Bd6 6. d4 exd4 7. Qxd4 f6 8. Be3 Ne7 9. Nbd2 Be6 10. Qc3 Ng6 11. Nc4 Bxc4 12. Qxc4 Qe7 13. Rad1 O-O-O 14. Rfe1 Rhe8 15.
Bc1 Ne5 16. Qe2 Ng6 17. g3 Kb8 18. Kg2 h6 19. Nd4 Qf7 20. Nf5 Ne7 21. Nxd6 cxd6 22. Bf4 Nc8 23. b3 f5 24. Qd3 g5 25. Bc1 fxe4 26. Rxe4 Rxe4 27. Qxe4 Rf8 28. f4 Qh5 29. Rf1 Re8 30. Qf3 g4 31. Qd3 d5 32. f5 Ka8 33.
Ba3 Nb6 34. f6 Qf7 35. Be7 Nc8 36. Bc5 Re4 37. c4 Re5 38. Bd4 Re4 39. Bg1 Nd6 40.
Bc5 Nc8 41. cxd5 cxd5 42. Qc3 b6 43. Bd4 Kb7 44. Rc1 Re2+ 45. Kg1 Re8 46. Qc6+ Kb8 47. Be5+ Ka7 48. Qc7+ Qxc7 49. Rxc7+ Ka8 50. f7 1-0

[Event "*** Titled Tuesday Blitz"]
[Site "Chess.com"]
[Date "2020.03.03"]
[Round "9"]
[White "Chessalary"]
[Black "chessdjw"]
[Result "1-0"]
[WhiteElo "2329"]
[BlackElo "2609"]
[TimeControl "180+1"]
[EndTime "14:45:40 PST"]
[Termination "Chessalary won on time"]

1. e4 d6 2. Nf3 Nf6 3. e5 dxe5 4. Nxe5 e6 5. d4 Be7 6. g4 c5 7.
g5 cxd4 8. Bb5+ Nfd7 9. Qxd4 O-O 10. Nxd7 Bxd7 11. Bxd7 Nxd7 12. h4 Rc8 13. Nc3 Bc5 14. Qd3 Qc7 15. h5 Ne5 16. Qe2 Qc6 17. Qe4 Nf3+ 18.
Kf1 Rfd8 19. Qxc6 Rxc6 20. Rh3 Nd4 21. Rd3 Rdc8 22. Bf4 Nxc2 23. Rad1 Kf8 24. Rd7 b6 25.
Rb7 a5 26. Rdd7 Kg8 27. Rxf7 Bf8 28. Be5 Nb4 29. Bxg7 1-0

[Event "*** Titled Tuesday Blitz"]
[Site "Chess.com"]
[Date "2020.03.03"]
[Round "9"]
[White "Gentlejimmy7"]
[Black "Vaathi_Coming"]
[Result "0-1"]
[WhiteElo "2695"]
[BlackElo "2833"]
[TimeControl "180+1"]
[EndTime "14:45:41 PST"]
[Termination "Vaathi_Coming won by resignation"]

1. d4 Nf6 2. Nf3 e6 3. g3 b6 4. Bg2 Bb7 5. O-O Be7 6. c4 O-O 7. d5 exd5 8. Nh4 c6 9. cxd5 Nxd5 10. Nf5 Re8 11. e4 Nc7 12. Nc3 d5 13. Bf4 Ne6 14.
Be5 Nd7 15. Bd6 Bf8 16. exd5 cxd5 17. Nxd5 Bxd5 18. Qxd5 Rc8 19. Rfd1 Nf6 20. Qb5 Qd7 21. Qxd7 Nxd7 22. Bb7 Rc2 23. Bxf8 Ndxf8 24. Rab1 g6 25. Nd4 Nxd4 26. Rxd4 Ree2 27. Rf4 Ne6 28. Rf3 Ng5 29. Rc3 Rxf2 30. Rxc2 Nh3+ 31. Kh1 Rxc2 32. a4 Kg7 33. b4 h5 34. a5 Nf2+ 35. Kg1 Ng4 36. axb6 axb6 37. h3 Ne3 38. Re1 Rc3 39. Kf2 Nf5 40. g4 hxg4 41. hxg4 Nh6 42. Re4 Kf6 43.
Bd5 Kg5 44. Re7 Nxg4+ 45. Ke2 f5 46. Re6 b5 47. Rb6 Nf6 48. Bf7 Rc7 49. Rxf6 Kxf6 0-1

[Event "*** Titled Tuesday Blitz"]
[Site "Chess.com"]
[Date "2020.03.03"]
[Round "9"]
[White "riconaipe"]
[Black "djano"]
[Result "0-1"]
[WhiteElo "2540"]
[BlackElo "2405"]
[TimeControl "180+1"]
[EndTime "14:45:46 PST"]
[Termination "djano won by checkmate"]

1. Nf3 Nf6 2. g3 g6 3. Bg2 Bg7 4. O-O O-O 5. c4 c6 6. Nc3 d5 7. cxd5 cxd5 8. d4 Ne4 9. Be3 Nxc3 10. bxc3 Nc6 11. Rb1 Na5 12. Nd2 Bf5 13. Rb5 Be6 14. Bg5 a6 15. Bxe7 Qxe7 16. Rxa5 b5 17. e4 Qc7 18.
Ra3 Rfd8 19. exd5 Bxd5 20. Ne4 Qc6 21. f3 f5 22. Nf2 Rac8 23. Nd3 a5 24. Nc5 a4 25.
Qe2 Bc4 26. Qf2 Bxf1 27. Bxf1 b4 28. Rxa4 bxc3 29. Rc4 Qd5 30. Kg2 Bxd4 31. Qe2 Rxc5 32.
Ra4 c2 33. Ra7 c1=Q 34. Qe7 Qxf1+ 35. Kxf1 Qxf3+ 36. Ke1 Bc3# 0-1

[Event "*** Titled Tuesday Blitz"]
[Site "Chess.com"]
[Date "2020.03.03"]
[Round "9"]
[White "Everyfishknows"]
[Black "FearNoEvil12"]
[Result "0-1"]
[WhiteElo "2383"]
[BlackElo "2039"]
[TimeControl "180+1"]
[EndTime "14:45:55 PST"]
[Termination "FearNoEvil12 won by checkmate"]

1. d4 b5 2. e4 a6 3. Nf3 Bb7 4. Bd3 e6 5. O-O Nf6 6. Nbd2 d6 7. c3 Nbd7 8. Re1 Rg8 9. Nf1 h6 10. Ng3 g5 11. a4 g4 12. Nd2 bxa4 13. e5 Nd5 14.
exd6 cxd6 15. Qxa4 h5 16. Nc4 h4 17. Nf1 Qf6 18.
Na5 Nb6 19. Qc2 Bf3 20. Ne3 g3 21. fxg3 hxg3 22. gxf3 gxh2+ 23. Kf2 Qh4+ 24. Ke2 h1=Q 25. Rxh1 Qxh1 26. Nb3 Qh2+ 27. Kd1 Rg1+ 28. Nf1 Qh3 29. Qe2 Nd5 30. Bd2 N7f6 31. Kc2 Rc8 32. Ne3 Nb4# 0-1

[Event "*** Titled Tuesday Blitz"]
[Site "Chess.com"]
[Date "2020.03.03"]
[Round "9"]
[White "Karacsonyi_Gellert"]
[Black "Volodar_Murzin"]
[Result "0-1"]
[WhiteElo "2587"]
[BlackElo "2694"]
[TimeControl "180+1"]
[EndTime "14:45:56 PST"]
[Termination "Volodar_Murzin won by resignation"]

1. e4 c6 2. d4 d5 3. exd5 cxd5 4. Bd3 Nc6 5. c3 g6 6. Nf3 Bf5 7. O-O Bg7 8. Bf4 Bxd3 9. Qxd3 e6 10. Nbd2 Nge7 11.
Rae1 O-O 12. Ne5 Rc8 13. Ndf3 Na5 14. b4 Nc4 15. Nxc4 Rxc4 16. Nd2 Rc6 17. Be5 Qc8 18. Re3 Nf5 19. Rh3 f6 20. Bf4 Qd7 21. g4 Nd6 22. Bxd6 Qxd6 23. f4 Rfc8 24. Rhf3 e5 25. fxe5 fxe5 26.
dxe5 Qxe5 27. Re3 Rxc3 28. Qxc3 Qxc3 29. Rxc3 Bxc3 30. Nf3 Bxb4 31. Rd1 Rd8 32. Kf2 Bc5+ 33. Ke2 Kg7 34. Kd3 Re8 35. Nd2 Re3+ 36. Kc2 Re2 37. Kb1 Ba3 38. Nf3 Rb2+ 39. Ka1 Rf2 40. Ng5 Rxh2 41. Rf1 Re2 42. Kb1 Re7 43. Rd1 h6 44.
Nf3 Rd7 45. Ne5 Rd6 46. Nc4 dxc4 0-1

[Event "*** Titled Tuesday Blitz"]
[Site "Chess.com"]
[Date "2020.03.03"]
[Round "9"]
[White "Incognito_Knight"]
[Black "champ2005"]
[Result "0-1"]
[WhiteElo "2677"]
[BlackElo "2959"]
[TimeControl "180+1"]
[EndTime "14:45:57 PST"]
[Termination "champ2005 won by checkmate"]

1. e4 c5 2. Nf3 d6 3. d4 cxd4 4.
Nxd4 Nf6 5. f3 e5 6. Nb3 Nc6 7. c4 a5 8. Be3 Be7 9. Nc3 a4 10. Nd2 Qa5 11. Be2 O-O 12. O-O Bd7 13. Rc1 Rfc8 14. Nd5 Nxd5 15. cxd5 Nd4 16. Nc4 Qa7 17.
Bd3 b5 18. Na3 Bg5 19. Bxg5 Nxf3+ 20. Kh1 Nxg5 21. Bxb5 Nxe4 22. Bxd7 Qxd7 23. Nc4 Rab8 24. Qf3 f5 25. Qd3 g6 26. Qe3 Qb5 27. Qd3 Rc5 28. g4 Rxd5 29. Qf3 Ng5 30. Qg2 f4 31. Na3 Qb7 32.
Nc4 Rd4 33. Qxb7 Rxb7 34. h4 Ne6 35. Rfe1 Kf8 36. Rc3 Rc7 37. Rec1 Ke7 38. Na5 Rxc3 39. Rxc3 Rd1+ 40. Kg2 Rd2+ 41. Kf3 d5 42. Nc6+ Kd6 43. Nb8 e4# 0-1

[Event "*** Titled Tuesday Blitz"]
[Site "Chess.com"]
[Date "2020.03.03"]
[Round "9"]
[White "vladimirdamjanovic"]
[Black "Sunnika"]
[Result "1-0"]
[WhiteElo "2636"]
[BlackElo "2399"]
[TimeControl "180+1"]
[EndTime "14:46:00 PST"]
[Termination "vladimirdamjanovic won by checkmate"]

1. e4 Nf6 2. Nc3 d5 3. e5 Ne4 4. Nxe4 dxe4 5. d4 exd3 6. Bxd3 Nc6 7. Bf4 Qd5 8. Qf3 Qxf3 9. Nxf3 Bg4 10. Be4 e6 11. O-O-O h6 12. Bxc6+ bxc6 13. Rd3 Bc5 14. Be3 Bxf3 15. gxf3 Bxe3+ 16. fxe3 Rd8 17. Rhd1 Rxd3 18. Rxd3 Ke7 19. Ra3 Ra8 20. b4 g5 21. Ra6 Kd7 22.
a3 h5 23. Kd2 g4 24. Ke2 Rg8 25. Rxa7 g3 26. hxg3 Rxg3 27. Ra8 Rg2+ 28. Kd3 h4 29. Rh8 Rg3 30. Rxh4 Rxf3 31. Rf4 Rh3 32. Rxf7+ Kc8 33. Re7 Rh5 34. Kd4 Rh2 35. c4 Ra2 36. Rxe6 Kd7 37.
Rh6 Rxa3 38. Rh7+ Kd8 39. e6 Rb3 40. Rd7+ Kc8 41. Rh7 Kd8 42. Kc5 Rxe3 43. Rh6 Re4 44. Rh8+ Ke7 45. Rh7+ Kxe6 46. Rxc7 Rh4 47. Rxc6+ Kd7 48.
Kb5 Rh5+ 49. c5 Rh6 50. Rxh6 Kc7 51. Rh7+ Kc8 52. Kc6 Kb8 53. b5 Ka8 54. b6 Kb8 55.
Rh8# 1-0

[Event "*** Titled Tuesday Blitz"]
[Site "Chess.com"]
[Date "2020.03.03"]
[Round "9"]
[White "Mikhail_Golubev"]
[Black "ChristianAlm"]
[Result "1-0"]
[WhiteElo "2491"]
[BlackElo "2355"]
[TimeControl "180+1"]
[EndTime "14:46:01 PST"]
[Termination "Mikhail_Golubev won on time"]

1. e4 c5 2. Nf3 d6 3. d4 cxd4 4. Nxd4 Nf6 5. Nc3 g6 6. Be3 Bg7 7. f3 O-O 8. Qd2 Nc6 9. O-O-O d5 10. Nxc6 bxc6 11. Bh6 Be6 12. Bxg7 Kxg7 13. exd5 cxd5 14. g4 Qa5 15. Qd4 Kg8 16. g5 Nh5 17. Nxd5 Bxd5 18. Qxd5 Qb6 19. Bc4 Rad8 20. Qe5 e6 21. b3 Qf2 22.
Rxd8 Rxd8 23. Rf1 Qd2+ 24. Kb2 Nf4 25. Re1 Rd5 26. Qb8+ Kg7 27. Re4 Rd3 28. Qe5+ Kg8 29. Rxf4 Re3 30. Qb8+ Kg7 31. Qxa7 Qc3+ 32. Ka3 1-0

[Event "*** Titled Tuesday Blitz"]
[Site "Chess.com"]
[Date "2020.03.03"]
[Round "9"]
[White "Maili15"]
[Black "Kislov_Oleg"]
[Result "0-1"]
[WhiteElo "2330"]
[BlackElo "2517"]
[TimeControl "180+1"]
[EndTime "14:46:01 PST"]
[Termination "Kislov_Oleg won by resignation"]

1. d4 Nf6 2. c4 e6 3. Nc3 Bb4 4. e3 d5 5. Nf3 O-O 6. Bd3 Nc6 7. O-O h6 8. Qc2 a6 9. c5 Bxc3 10. Qxc3 Ne4 11. Bxe4 dxe4 12. Nd2 Qd5 13. b4 f5 14. Bb2 Bd7 15. a4 Ne7 16. Nc4 Ng6 17. Rfd1 f4 18.
exf4 Rxf4 19. Ne3 Qg5 20. d5 e5 21. Bc1 Raf8 22. Nf1 Nh4 23. Ng3 Qg6 24. Rf1 Re8 25. Ra2 Rg4 26. Be3 Nf5 27. Qd2 h5 28. Kh1 h4 29. Nxf5 Bxf5 30. Rg1 h3 31. g3 Qh5 32. Qe2 Bg6 33. Ra3 Qf5 34. Bd2 Bh5 35. Qf1 Rg6 36. Qxh3 Qxh3 0-1

[Event "*** Titled Tuesday Blitz"]
[Site "Chess.com"]
[Date "2020.03.03"]
[Round "9"]
[White "HashtagChess"]
[Black "Babas"]
[Result "0-1"]
[WhiteElo "1619"]
[BlackElo "2334"]
[TimeControl "180+1"]
[EndTime "14:46:03 PST"]
[Termination "Babas won by resignation"]

1. e4 c5 2. Nf3 Nc6 3. d4 cxd4 4.
Nxd4 Nf6 5. Nc3 e5 6. Ndb5 d6 7.
Bg5 a6 8. Na3 b5 9. Nd5 Be7 10.
Bxf6 Bxf6 11. Nxf6+ Qxf6 12. c3 O-O 13. Be2 Qg6 14.
O-O Bb7 15. Bf3 Rad8 16. Nc2 Ne7 17. Re1 Kh8 18. a4 d5 19. exd5 Nxd5 20. Qc1 Rfe8 21.
axb5 axb5 22. Ra7 Bc6 23. Nb4 Nxb4 24. Bxc6 Nxc6 25. Ra6 Re6 26. c4 Nd4 27. cxb5 Rxa6 28. bxa6 Nf3+ 29. Kh1 Nxe1 30. Qxe1 Qxa6 31. h3 Qd3 32.
Qxe5 Qd1+ 33. Kh2 Qd6 0-1

[Event "*** Titled Tuesday Blitz"]
[Site "Chess.com"]
[Date "2020.03.03"]
[Round "9"]
[White "stoleriu"]
[Black "AlleyOoper"]
[Result "0-1"]
[WhiteElo "2470"]
[BlackElo "2641"]
[TimeControl "180+1"]
[EndTime "14:46:04 PST"]
[Termination "AlleyOoper won by resignation"]

1. e4 c6 2. Nc3 d5 3. d4 dxe4 4.
Nxe4 Nf6 5. Nxf6+ exf6 6. Bc4 Bd6 7. Qe2+ Qe7 8. Qxe7+ Kxe7 9. Ne2 Be6 10. Bxe6 fxe6 11.
Bf4 Nd7 12. O-O-O Bxf4+ 13. Nxf4 Kf7 14. Rhe1 Rhe8 15. Re3 Re7 16. Rde1 Rae8 17. Ra3 a6 18. Rb3 e5 19. dxe5 Nxe5 20. Rd1 g5 21. Nd3 Nxd3+ 22.
Rbxd3 Re2 23. Rd7+ R8e7 24. Rxe7+ Kxe7 25. Rd2 Re1+ 26. Rd1 Re2 27. Rd2 Re4 28. Kd1 Ke6 29. Re2 Ke5 30. Rxe4+ Kxe4 31. Ke2 g4 32. Kd2 h5 33. Ke2 h4 34. f3+ gxf3+ 35. gxf3+ Kd4 36. c3+ Kc4 37. Kd2 f5 38. Ke3 Kd5 39. Kf4 Ke6 40. Kg5 Ke5 41. a3 h3 42. a4 a5 43. b4 b6 44. bxa5 bxa5 45. c4 c5 46. Kh4 Kf4 47. Kxh3 Kxf3 48. Kh4 Ke3 49. Kg5 f4 50. h4 f3 51. h5 f2 52. h6 f1=Q 53. h7 Qf8 54. Kg6 0-1

[Event "*** Titled Tuesday Blitz"]
[Site "Chess.com"]
[Date "2020.03.03"]
[Round "9"]
[White "VeraNebolsina"]
[Black "Keaton87"]
[Result "0-1"]
[WhiteElo "2331"]
[BlackElo "2608"]
[TimeControl "180+1"]
[EndTime "14:46:07 PST"]
[Termination "Keaton87 won by resignation"]

1. e4 c5 2. Nc3 a6 3. g3 b5 4. Bg2 Bb7 5. d3 e6 6. Nh3 b4 7. Ne2 d5 8. O-O dxe4 9. Ng5 Nf6 10. Nf4 Be7 11. Bd2 O-O 12. Re1 Ra7 13. Nxe4 Nxe4 14. Bxe4 Bxe4 15. Rxe4 Nc6 16. Qh5 g6 17. Qh3 Nd4 18. Rd1 Nxc2 19. Ng2 Nd4 20. Bh6 Re8 21.
Ne3 f5 22. Re5 Bd6 23. Nc4 Bxe5 24. Nxe5 Qf6 25. f4 Rc7 26. Bg5 Qg7 27. Qh4 Qxe5 28. fxe5 Nf3+ 29. Kf2 Nxh4 30. Bxh4 h6 31. Bf6 Kf7 32.
Ke3 Rec8 33. b3 Rc6 34. Rc1 a5 35. Rc4 g5 36. h4 Kg6 37. hxg5 hxg5 38. g4 a4 39.
gxf5+ exf5 40. bxa4 Kf7 41. a5 Kg6 42. a6 Rxa6 43.
Rc2 Ra3 44. Rg2 g4 45. Kf4 Rxd3 46. e6 0-1

[Event "*** Titled Tuesday Blitz"]
[Site "Chess.com"]
[Date "2020.03.03"]
[Round "9"]
[White "MiroVlasenko"]
[Black "TigrVShlyape"]
[Result "1-0"]
[WhiteElo "2661"]
[BlackElo "2873"]
[TimeControl "180+1"]
[EndTime "14:46:10 PST"]
[Termination "MiroVlasenko won on time"]

1. d4 g6 2. Bg5 Bg7 3. Nf3 b6 4. e4 Bb7 5. Nbd2 h6 6. Bh4 d6 7.
Bd3 Nd7 8. c3 g5 9. Bg3 e6 10.
Qe2 Ne7 11. Nc4 Nf6 12. h4 g4 13. Nfd2 h5 14. O-O-O d5 15. exd5 Nexd5 16. Ne4 Nxe4 17. Bxe4 Qe7 18. Ne5 O-O-O 19. Rhe1 Bxe5 20. Bxe5 Rhe8 21. Bd3 Kb8 22. Bg3 Qf6 23. Qe5 Qxe5 24. Rxe5 Rh8 25. Rg5 Ne7 26. Be5 Rhg8 27. Rxh5 Bxg2 28. Rh7 Rdf8 29. h5 Bf3 30. Re1 Nd5 31. h6 Kb7 32. Rg7 Rh8 33. Rxf7 Rxf7 34. Bxh8 Nf4 35. Bc2 Ng2 36. Re5 Bd5 37. h7 Rxf2 38. Bg7 Rf1+ 39. Kd2 Nh4 40. Be4 Nf3+ 41. Bxf3 gxf3 42. h8=Q Rg1 43.
Qf8 Rg2+ 44. Ke3 Rxb2 45. Bf6 Re2+ 46. Kd3 Rxa2 47. Rxd5 exd5 48. Be5 1-0

[Event "*** Titled Tuesday Blitz"]
[Site "Chess.com"]
[Date "2020.03.03"]
[Round "9"]
[White "ural58"]
[Black "DanielDardha2005"]
[Result "1-0"]
[WhiteElo "2421"]
[BlackElo "2626"]
[TimeControl "180+1"]
[EndTime "14:46:10 PST"]
[Termination "ural58 won by resignation"]

1. e4 c5 2. b3 Nc6 3. Bb2 e5 4. f4 exf4 5. Qf3 Nf6 6. Qxf4 d5 7.
Bxf6 Qxf6 8. Qxf6 gxf6 9. exd5 Nb4 10. Na3 Nxd5 11. Bb5+ Bd7 12. Bxd7+ Kxd7 13. Ne2 Re8 14. Kf2 Bh6 15. Rad1 Re5 16. Ng3 Rhe8 17. Nc4 R5e6 18. Nf5 Re2+ 19. Kf3 Bf4 20. g3 b5 21. gxf4 bxc4 22. bxc4 Nxf4 23. Ne3 Kc6 24. Kxf4 Rd8 25. Nd5 Rg8 26. Rhe1 Rf2+ 27. Ke3 Rgg2 28. Kd3 Rxh2 29. Re7 Rh3+ 30. Ne3 f5 31. Rxf7 f4 32. Rxa7 h5 33. Rg1 Kb6 34. Re7 fxe3 35. Rg6+ Ka5 36. Ra7+ 1-0

[Event "*** Titled Tuesday Blitz"]
[Site "Chess.com"]
[Date "2020.03.03"]
[Round "9"]
[White "ChessPlayer202202"]
[Black "RaphCamora"]
[Result "0-1"]
[WhiteElo "2297"]
[BlackElo "2437"]
[TimeControl "180+1"]
[EndTime "14:46:10 PST"]
[Termination "RaphCamora won on time"]

1. e4 c5 2. Nf3 Nc6 3. d4 cxd4 4. Nxd4 Nf6 5. Nc3 e5 6. Ndb5 d6 7. Bg5 a6 8. Na3 b5 9. Nd5 Be7 10. Bxf6 Bxf6 11. c3 Bg5 12. Nc2 Rb8 13. a4 bxa4 14.
Ncb4 Nxb4 15. Nxb4 Bd7 16. Bxa6 O-O 17. O-O Qb6 18.
Bc4 Qc5 19. Qd5 Rfc8 20. Qxf7+ Kh8 21. Qxd7 Qxc4 22. Qxd6 Qxe4 23. Rxa4 Qe2 24. Ra7 Rd8 25. Qc7 Bf6 26. Nc6 Rbc8 27. Qb7 Re8 28. b4 e4 29. Nd4 Qd3 30. Nf5 Rxc3 31. Nxg7 Re7 32. Ra8+ Kxg7 33. Qb8 Kg6 0-1

[Event "*** Titled Tuesday Blitz"]
[Site "Chess.com"]
[Date "2020.03.03"]
[Round "9"]
[White "Danfii"]
[Black "Eloist"]
[Result "0-1"]
[WhiteElo "2401"]
[BlackElo "2308"]
[TimeControl "180+1"]
[EndTime "14:46:10 PST"]
[Termination "Eloist won by resignation"]

1. e4 e6 2. d4 d5 3. Nd2 Nf6 4. e5 Nfd7 5. Bd3 c5 6. c3 b6 7.
Ne2 Ba6 8. Bxa6 Nxa6 9. O-O b5 10.
f4 Qb6 11. Nf3 g6 12. Be3 c4 13. a3 h5 14. h4 Be7 15. g3 Nab8 16. Kg2 Nc6 17.
Ng5 a5 18. Ng1 Bxg5 19. fxg5 Ne7 20. Qf3 Nf5 21. Ne2 Nxe5 22. dxe5 Nxe3+ 23. Kh1 Nxf1 24. Rxf1 O-O 25. Qf6 b4 26. Nf4 Qd8 27. Nxh5 Qxf6 28. Nxf6+ Kg7 29. g4 bxc3 30. bxc3 Rfb8 31. h5 Rb2 32.
h6+ Kh8 33. Nd7 Kg8 34. Nf6+ Kf8 35. Rf3 Ke7 36. h7 Rh8 37. Rf1 a4 38. Re1 Rb3 39. Kg2 Rxc3 40. Rb1 Rb3 41. Ra1 c3 42. Rc1 Rxa3 43.
Kf3 Rb3 44. Ra1 c2+ 45. Ke2 Rb1 46. Rxa4 c1=Q 47. Ra7+ Kd8 48. Ra8+ Kc7 0-1

[Event "*** Titled Tuesday Blitz"]
[Site "Chess.com"]
[Date "2020.03.03"]
[Round "9"]
[White "Bulldog167"]
[Black "atbenina64"]
[Result "1-0"]
[WhiteElo "2757"]
[BlackElo "2513"]
[TimeControl "180+1"]
[EndTime "14:46:11 PST"]
[Termination "Bulldog167 won by resignation"]

1. e4 c5 2. Nc3 Nc6 3. Bb5 Nd4 4. Bc4 e6 5. Nge2 Nf6 6. d3 d5 7. exd5 exd5 8. Bb3 Nxb3 9. axb3 Bd6 10. Bg5 Be6 11. d4 a6 12. Nf4 h6 13. Bxf6 Qxf6 14. Ncxd5 Qf5 15. Nxe6 Qxd5 16. Nxc5 Qxg2 17. Qe2+ Kd8 18. O-O-O Re8 19. Qc4 Qf3 20. Kb1 Rc8 21. Rhe1 Rc7 22. Rxe8+ Kxe8 23. Re1+ Kf8 24. Nd7+ Kg8 25. Re8+ Kh7 26.
Nf8+ Bxf8 27. Qxc7 Bb4 28. c3 Qd1+ 29. Ka2 Ba3 30. Kxa3 Qa1+ 31. Kb4 a5+ 32. Qxa5 Qb1 33. Qe5 Qg6 34. Qe4 f5 35. Qe6 Qg2 36. Qxf5+ Qg6 37.
Rh8+ Kxh8 38. Qxg6 Kg8 39. d5 Kf8 40. d6 1-0

[Event "*** Titled Tuesday Blitz"]
[Site "Chess.com"]
[Date "2020.03.03"]
[Round "9"]
[White "dopolian"]
[Black "yoolund"]
[Result "0-1"]
[WhiteElo "2374"]
[BlackElo "2551"]
[TimeControl "180+1"]
[EndTime "14:46:15 PST"]
[Termination "yoolund won by resignation"]

1. e4 g6 2. d4 Bg7 3. Nc3 d6 4. f4 a6 5. Nf3 b5 6. Bd3 Nd7 7. O-O c5 8. Be3 Ngf6 9. h3 Bb7 10. e5 Nd5 11. Nxd5 Bxd5 12. c3 O-O 13. a4 b4 14.
c4 Bxf3 15. Qxf3 cxd4 16. Bxd4 dxe5 17. fxe5 Nxe5 18. Bxe5 Bxe5 19. Rad1 Qb6+ 20. Kh1 Rad8 21. b3 Bb8 22. g3 Rd4 23. Be4 Qe6 24. Rxd4 Qxh3+ 25. Kg1 Ba7 26. Rd1 e5 27. Qf2 Bxd4 28.
Rxd4 exd4 29. Qxd4 Qxg3+ 30. Kf1 Qf4+ 31. Kg1 Re8 32.
c5 Qxe4 33. Qd7 0-1

[Event "*** Titled Tuesday Blitz"]
[Site "Chess.com"]
[Date "2020.03.03"]
[Round "9"]
[White "kasparicy"]
[Black "arjwezhrtdrz"]
[Result "0-1"]
[WhiteElo "2351"]
[BlackElo "2161"]
[TimeControl "180+1"]
[EndTime "14:46:15 PST"]
[Termination "arjwezhrtdrz won by resignation"]

1. e4 e6 2. d4 d5 3. Nd2 dxe4 4. Nxe4 Bd7 5. Nf3 Bc6 6. Bd3 Nd7 7. Qe2 Ngf6 8. Ng3 Bxf3 9. Qxf3 c6 10. Bd2 Bd6 11.
O-O-O Qc7 12. Kb1 O-O-O 13. h4 Kb8 14. h5 h6 15. Rhe1 Rhf8 16. c4 Ka8 17. Rc1 Bxg3 18. fxg3 Nb6 19. Bf4 Qd7 20. Be5 Ne8 21. Bxg7 Nxg7 22.
c5 Nd5 23. g4 Nb4 24. Rc4 Nxd3 25. Qxd3 e5 26. Ra4 Ne6 27. Qa3 a6 28. dxe5 Qd3+ 29. Qxd3 Rxd3 30. Rf1 Rd2 31. Rf6 Nd4 32. a3 Ne6 33. Rxh6 Rxg2 34. Rf6 Rg8 35. h6 R2xg4 36.
h7 Rg1+ 37. Ka2 Rh8 38. Rxf7 Nxc5 39. Rh4 Ka7 40. Rh6 Re1 41. Rg6 Rxe5 42. Rg8 Re8 43. Rxe8 Rxe8 44. Rg7 Rh8 45. b4 Ne6 46. a4 Nxg7 0-1

[Event "*** Titled Tuesday Blitz"]
[Site "Chess.com"]
[Date "2020.03.03"]
[Round "9"]
[White "NoGalloNoParty"]
[Black "Playgood28"]
[Result "1-0"]
[WhiteElo "2295"]
[BlackElo "2237"]
[TimeControl "180+1"]
[EndTime "14:46:15 PST"]
[Termination "NoGalloNoParty won on time"]

1. d4 f5 2. g3 Nf6 3. Bg2 g6 4. c4 d6 5. Nc3 Bg7 6. Nh3 O-O 7.
O-O c6 8. d5 e5 9. dxe6 Bxe6 10. Qb3 b5 11. Nxb5 cxb5 12. Bxa8 Bxc4 13. Qd1 Re8 14.
Bf3 Ne4 15. b3 Bxa1 16. bxc4 bxc4 17. Qd5+ Kg7 18. Qxc4 Nd7 19. Bf4 Be5 20. Rd1 Qe7 21.
Bxe4 Bxf4 22. Nxf4 fxe4 23. Qd4+ Ne5 24. Qxe4 g5 25.
Nd5 Qf7 26. Kg2 Rf8 27. f3 h5 28. Ne3 g4 29. f4 Ng6 30. Rxd6 h4 31. Qd4+ Kg8 32.
Rd7 Ne7 33. Nxg4 1-0